 Dungeon Crawl Stone Soup version 0.17.0-26-gececa24 (webtiles) character file.

520 Gravenous the Chiller (level 7, -2/41 HPs)
             Began as an Octopode Ice Elementalist on Nov 19, 2015.
             Slain by a gnoll
             ... wielding a +0 whip
              (5 damage)
             ... on level 4 of the Dungeon.
             The game lasted 00:07:02 (3762 turns).

Gravenous the Chiller (Octopode Ice Elementalist)   Turns: 3762, Time: 00:07:02

Health: -2/41      AC:  1    Str:  6 (7)  XL:     7   Next: 21%
Magic:  0/12       EV: 12    Int: 19      God:
Gold:   117        SH:  0    Dex: 13      Spells: 4 memorised, 3 levels left

rFire  . . .     SeeInvis .     e - +0 dagger
rCold  . . .     Clarity  +     (no shield)
rNeg   . . .     SustAt   .     (helmet restricted)
rPois  .         Gourm    .     g - amulet of clarity
rElec  .         Spirit   .     (no ring)
rCorr  .         Warding  .     (no ring)
rMut   .         Stasis   .     (no ring)
MR     .....                    (no ring)
Stlth  ++++......               (no ring)
                                (no ring)
                                (no ring)
                                (no ring)

@: very slightly contaminated, not resistant to hostile enchantments, stealthy
A: almost no armour, amphibious, 8 rings, constrict 8, camouflage 1, gelatinous
body 1
a: no special abilities


You were on level 4 of the Dungeon.
You were not hungry.

You visited 1 branch of the dungeon, and saw 4 of its levels.
You also visited: Sewer.

You collected 117 gold pieces.

Inventory:

Hand Weapons
 e - a +0 dagger (weapon)
 r - a +0 blowgun
Missiles
 k - 10 poisoned needles
Jewellery
 g - an amulet of clarity (around mantle)
 u - an uncursed amulet of resist mutation {unknown}
 w - an uncursed amulet of faith
Wands
 y - a wand of enslavement (9)
Scrolls
 c - 2 scrolls of identify {unknown}
 j - a scroll of fog {unknown}
 n - a scroll of enchant weapon {unknown}
 v - a scroll of teleportation {unknown}
Potions
 f - 2 potions of haste {unknown}
 i - a potion of resistance {unknown}
 l - a potion of degeneration
 o - a potion of poison {unknown}
 p - a potion of might {unknown}
 q - a potion of heal wounds {unknown}
 s - 2 potions of flight {unknown}
 t - a potion of curing {unknown}
 z - a potion of berserk rage {unknown}
Books
 a - a book of Frost

   Spells                             Type                      Level
   a - Freeze                         Ice                          1
   b - Throw Frost                    Conjuration/Ice              2
   c - Ozocubu's Armour               Charms/Ice                   3
   d - Throw Icicle                   Conjuration/Ice              4
   e - Summon Ice Beast               Ice/Summoning                4
   f - Condensation Shield            Ice                          4
 m - a book of Maledictions

   Spells                             Type                      Level
   a - Corona                         Hexes                        1
   b - Ensorcelled Hibernation        Hexes/Ice                    2
   c - Confuse                        Hexes                        3
   d - Tukima's Dance                 Hexes                        3
   e - Dazzling Spray                 Conjuration/Hexes            3
Comestibles
 b - 3 bread rations
 d - 2 meat rations
 h - a slice of pizza
 x - 5 chunks of flesh


   Skills:
 - Level 2.0 Dodging
 + Level 5.1 Stealth
 + Level 3.5 Spellcasting
 * Level 3.9 Conjurations
 * Level 5.2 Ice Magic


You had 3 spell levels left.
You knew the following spells:

 Your Spells              Type           Power        Failure   Level  Hunger
a - Freeze                Ice            ###.         1%          1    None
b - Throw Frost           Conj/Ice       ###...       4%          2    ##.....
c - Ozocubu's Armour      Chrm/Ice       ##......     14%         3    ###....
d - Throw Icicle          Conj/Ice       ###.....     28%         4    ####...


Dungeon Overview and Level Annotations

Branches:
Dungeon (4/15)
 Temple: D:4-7

Altars:


Innate Abilities, Weirdness & Mutations

You cannot wear most types of armour.
You are amphibious.
You can wear up to eight rings at the same time.
You can use your tentacles to constrict eight enemies at once.
Your skin changes colour to match your surroundings (Stealth).
Your rubbery body absorbs attacks (AC +1).


Message History

The gnoll is heavily wounded.
You constrict the gnoll, but do no damage.
The gnoll hits you with a whip!
* * * LOW HITPOINT WARNING * * *
Casting: Freeze
Confirm with . or Enter, or press ? or * to list all spells.
Aiming: Freeze
Press: ? - help, Shift-Dir - straight line, f/p - gnoll
Aim: a gnoll, wielding a whip (heavily wounded, constricted by you)
You miscast Freeze.
You are very lightly contaminated with residual magic.
A chill runs through your body.
You constrict the gnoll. The gnoll barely misses you.
Unknown command.
Drink which item? (? for menu, Esc to quit)
It was a potion of degeneration.
There was something very wrong with that liquid.
You feel weakened.
You constrict the gnoll. The gnoll hits you with a whip.
You die...

##g##.###.###
#.###)#.##
##.# ##.##
.).# #.# ####
#.# #.# ###
#.# #.... #.#
#####...# ...
#.)@g(.# #..
#.####.# #.#
#.####.#


#.PPPPP# # #.P$$$P# . #.#.P$$$P### #. #.#.P$$.P..### #. #...PPPP.....# ##..
#.######......#.#.######.#. You could see a gnoll.

Vanquished Creatures
  The ghost of Raultor the Changer, an amateur OpTm (D:4)
  A big kobold (Sewer)
  An orc priest (D:3)
  A hound (D:4)
  A gnoll shaman (D:4)
  2 orc wizards (D:4)
  2 gnolls
  9 adders
  2 oozes (D:2)
  A worm (D:2)
  3 giant geckos
  6 orcs
  A ball python (D:2)
  4 bats
  4 giant cockroaches
  10 hobgoblins
  8 jackals
  A quokka (D:3)
  8 giant newts
  6 goblins
  8 kobolds
  3 rats (Sewer)
  A fungus (D:4)
84 creatures vanquished.

Notes
Turn   | Place    | Note
--------------------------------------------------------------
     0 | D:1      | Gravenous the Octopode Ice Elementalist began the quest for the Orb.
     0 | D:1      | Reached XP level 1. HP: 11/11 MP: 3/3
   128 | D:1      | Reached XP level 2. HP: 17/17 MP: 3/5
   135 | D:1      | Learned a level 2 spell: Throw Frost
   460 | D:1      | Reached XP level 3. HP: 21/21 MP: 6/6
   465 | D:1      | Learned a level 3 spell: Ozocubu's Armour
  1079 | D:2      | Found a faded altar to an unknown god.
  1166 | D:2      | Reached XP level 4. HP: 27/27 MP: 7/7
  1572 | D:3      | Found a glowing drain.
  1591 | D:3      | Reached skill level 4 in Ice Magic
  1685 | Sewer    | Entered a sewer
  1896 | Sewer    | Noticed a big kobold
  1907 | Sewer    | Killed a big kobold
  1907 | Sewer    | Reached XP level 5. HP: 22/31 MP: 2/9
  2159 | Sewer    | Found a white marble altar of Elyvilon.
  2294 | D:3      | Reached XP level 6. HP: 23/36 MP: 6/10
  3170 | D:4      | Learned a level 4 spell: Throw Icicle
  3604 | D:4      | Reached skill level 5 in Ice Magic
  3745 | D:4      | Noticed Raultor's ghost (amateur OpTm)
  3757 | D:4      | Killed Raultor's ghost
  3757 | D:4      | Reached skill level 5 in Stealth
  3757 | D:4      | Reached XP level 7. HP: 20/41 MP: 2/12
  3760 | D:4      | HP: 2/41 [gnoll/whip (8)]
  3762 | D:4      | Slain by a gnoll

Action                   |  1- 3 |  4- 6 |  7- 9 || total
-------------------------+-------+-------+-------++-------
Melee: Unarmed           |     6 |       |       ||     6
       Dagger            |    37 |    50 |     2 ||    89
 Cast: Freeze            |    24 |    73 |     2 ||    99
       Throw Frost       |       |     9 |       ||     9
  Use: Potion            |       |       |     1 ||     1
 Stab: Sleeping          |    12 |     6 |       ||    18
  Eat: Chunk             |     1 |     8 |       ||     9
